 Dungeon Crawl Stone Soup version 0.23-a0-350-g6fd5563 (webtiles) character file.

7708 Amnesiac the Geomancer (level 11, -9/74 HPs)
             Began as a Ghoul Earth Elementalist on Oct 20, 2018.
             Was a Priest of Vehumet.
             Mangled by a cyan ugly thing (20 damage)
             ... on level 10 of the Dungeon.
             The game lasted 00:27:09 (9861 turns).

Amnesiac the Geomancer (Ghoul Earth Elementalist)   Turns: 9861, Time: 00:27:10

Health: -9/74      AC:  8    Str: 13    XL:     11   Next: 19%
Magic:  5/31       EV: 12    Int: 13    God:    Vehumet [***...]
Gold:   473        SH:  0    Dex:  9    Spells: 12/27 levels left

rFire    . . .     SeeInvis +   a - +6 dagger (speed)
rCold    + . .     Gourm    .   (no shield)
rNeg     + + +     Faith    .   g - +0 steam dragon scales
rPois    ∞         Spirit   .   y - +0 helmet
rElec    .         Reflect  .   A - +0 cloak
rCorr    .         Harm     +   v - +0 pair of gloves (curse)
MR       .....                  (no boots)
Stlth    ++........             h - amulet of harm
HPRegen  0.00/turn              m - ring of magical power
MPRegen  0.22/turn              F - ring of see invisible

@: rotting
A: rotting body, claws 1, carnivore, cold resistance 1, negative energy
resistance 3, inhibited regeneration, torment resistance, unbreathing
a: Renounce Religion


You were on level 10 of the Dungeon.
You worshipped Vehumet.
Vehumet was most pleased with you.
You were very hungry.

You visited 2 branches of the dungeon, and saw 11 of its levels.

You collected 585 gold pieces.
You spent 112 gold pieces at shops.

Inventory:

Hand Weapons
 a - a +6 dagger of speed (weapon)
Missiles
 s - 55 stones (quivered)
Armour
 g - +0 steam dragon scales (worn)
 v - a cursed +0 pair of gloves (worn)
 y - a +0 helmet (worn)
 A - a +0 cloak (worn)
Jewellery
 h - an amulet of harm (around neck)
 m - a ring of magical power (left hand)
 p - an uncursed ring of protection from cold
 F - a ring of see invisible (right hand)
Wands
 i - a wand of random effects (55)
 k - a wand of iceblast (5)
 w - a wand of acid (15)
 x - a wand of flame (19)
 C - a wand of enslavement (28)
 E - a wand of paralysis (15)
Scrolls
 e - 2 scrolls of amnesia {!r}
 f - 3 scrolls of teleportation {!r}
 j - a scroll of fog {!r, unknown}
 n - 2 scrolls of remove curse {!r}
 u - 2 scrolls of fear {!r}
 B - 2 scrolls of blinking {!r}
Potions
 b - 2 potions of heal wounds {!q}
 c - a potion of ambrosia {!q, unknown}
 l - 2 potions of curing {!q}
 o - 5 potions of haste {!q}
 q - 2 potions of agility {!q}
 t - a potion of brilliance {!q}
 z - a potion of mutation {!q}
Comestibles
 d - 23 rations
 r - 9 chunks of flesh


   Skills:
 - Level 1.7 Dodging
 - Level 2.1 Stealth
 + Level 8.5 Spellcasting
 - Level 1.0 Transmutations
 * Level 14.7 Earth Magic


You had 12 spell levels left.
You knew the following spells:

 Your Spells              Type           Power        Failure   Level  Hunger
a - Stone Arrow           Conj/Erth      ###...       1%          3    ##.....
b - Passwall              Tmut/Erth      ####....     1%          2    None
c - Sandblast             Erth           #####.       1%          1    None
d - Lee's Rapid Deconstr  Erth           #####.....   1%          5    #####..
e - Petrify               Tmut/Erth      ####....     4%          4    ####...

Your spell library contained the following spells:

 Spells                   Type           Power        Failure   Level  Hunger
 Dazzling Spray           Conj/Hex       #.....       11%         3    ##.....
 Animate Skeleton         Necr           N/A          13%         1    None
 Pain                     Necr           #...         13%         1    None
 Regeneration             Chrm/Necr      #.........   36%         3    ##.....
 Vampiric Draining        Necr           #.........   36%         3    ##.....
 Animate Dead             Necr           N/A          78%         4    ####...


Dungeon Overview and Level Annotations

Branches:
Dungeon (10/15)            Temple (1/1) D:7            Lair (0/6) D:10
    Orc (0/2) D:9

Altars:
Cheibriados
Dithmenos
Elyvilon
Fedhas
Gozag
Hepliaklqana
Kikubaaqudgha
Makhleb
Nemelex Xobeh
Okawaru
Qazlal
Ru
Sif Muna
Uskayaw
Vehumet
Wu Jian
Yredelemnul
Zin
The Shining One

Shops:
D:4 *   D:9 !=(=%   D:10 !


Innate Abilities, Weirdness & Mutations

Your body is rotting away.
You thrive on raw meat.
You are immune to poison.
You have sharp fingernails.
You are carnivorous and can eat meat at any time.
Your flesh is cold resistant. (rC+)
You are immune to negative energy. (rN+++)
You do not regenerate when monsters are visible.
You are immune to unholy pain and torment.
You can survive without breathing.


Message History

An adder comes into view.
Casting: Lee's Rapid Deconstruction (safe; 1% risk of failure)
Confirm with . or Enter, or press ? or * to list all spells.
Aiming: Lee's Rapid Deconstruction (safe; 1% risk of failure)
Press: ? - help, Dir - move target cursor A stone wall.
The wall shatters!
The blast of rock fragments hits the cyan ugly thing.
You kill the cyan ugly thing!
Vehumet accepts your kill.
You feel your power returning.
The blast of rock fragments hits the cyan ugly thing.
The cyan ugly thing is heavily wounded.
The blast of rock fragments hits the cyan ugly thing.
The cyan ugly thing is moderately wounded.
The cyan ugly thing stings you! The cyan ugly thing shocks you!
Casting: Lee's Rapid Deconstruction (safe; 1% risk of failure)
Confirm with . or Enter, or press ? or * to list all spells.
Aiming: Lee's Rapid Deconstruction (safe; 1% risk of failure)
Press: ? - help, Dir - move target cursor A stone wall.
The wall shatters!
The blast of rock fragments hits the cyan ugly thing.
The cyan ugly thing is severely wounded.
The blast of rock fragments hits the cyan ugly thing.
The cyan ugly thing is heavily wounded.
Casting: Lee's Rapid Deconstruction (safe; 1% risk of failure)
Confirm with . or Enter, or press ? or * to list all spells.
Aiming: Lee's Rapid Deconstruction (safe; 1% risk of failure)
Press: ? - help, Dir - move target cursor A stone wall.
The wall shatters!
The blast of rock fragments hits the cyan ugly thing.
The cyan ugly thing is almost dead.
The blast of rock fragments hits the cyan ugly thing.
The cyan ugly thing is heavily wounded.
The blast of rock fragments hits the adder.
You kill the adder!
Vehumet accepts your kill.
You feel your power returning.
You are feeling hungry.
The cyan ugly thing stings you!
* * * LOW HITPOINT WARNING * * *
The cyan ugly thing shocks you!
* * * LOW HITPOINT WARNING * * *
Casting: Lee's Rapid Deconstruction (safe; 1% risk of failure)
Confirm with . or Enter, or press ? or * to list all spells.
Aiming: Lee's Rapid Deconstruction (safe; 1% risk of failure)
Press: ? - help, Dir - move target cursor A stone wall.
The wall shatters!
The blast of rock fragments hits the cyan ugly thing.
You kill the cyan ugly thing!
Vehumet accepts your kill.
You feel your power returning.
The blast of rock fragments hits the cyan ugly thing.
The cyan ugly thing is almost dead.
The blast of rock fragments hits the cyan ugly thing.
The cyan ugly thing is severely wounded.
You are feeling very hungry.
The cyan ugly thing stings you!
* * * LOW HITPOINT WARNING * * *
The cyan ugly thing shocks you!
You die...

### ##.#### # ..#. #.....#
##.#.#.## #.....# #.#.u.#.#
#.....# #..u#...# #.....#
#.#u.!#.#
#############..####.u.....#
#.##..##..###...@†###u''###
......#......)..#u#.......#
......'.........#u.....####
......#.........+.....##
###)..#######...##....#
###).>##...##########.#
......#.....# .#
......#.<...# ##
......#.....#


You could see 2 ugly things.

Vanquished Creatures
  3 ugly things
  A centaur skeleton (D:8)
  Prince Ribbit (D:6)
  3 hippogriffs
  Sigmund (D:5)
  A human (D:7)
  4 hogs (D:7)
  2 steam dragons (D:6)
  A hungry ghost (D:7)
  A warg (D:10)
  A soldier ant (D:10)
  A water moccasin (D:7)
  3 ice beasts
  A black bear (D:6)
  A necrophage (D:6)
  7 orc warriors
  A sky beast (D:10)
  An eye of draining (D:8)
  2 ogres (D:8)
  A centaur (D:6)
  4 bullfrogs
  Blork the orc (D:5)
  4 scorpions
  6 killer bees (D:10)
  3 howler monkeys
  4 crimson imps
  A centaur zombie (D:7)
  5 hounds
  2 jellies
  A bullfrog skeleton (D:8)
  5 orc priests
  3 iguanas
  11 orc wizards
  8 worker ants
  A killer bee zombie (D:8)
  A hound zombie (D:10)
  A hound skeleton (D:5)
  A howler monkey zombie (D:8)
  A worker ant zombie (D:6)
  Robin (D:4)
  3 gnolls
  9 adders
  A howler monkey skeleton (D:4)
  4 oozes
  An adder zombie (D:5)
  2 adder skeletons
  3 worms
  A dart slug (D:2)
  7 leopard geckos
  17 orcs
  A ball python (D:3)
  6 giant cockroaches
  12 hobgoblins
  3 jackals (D:4)
  12 kobolds
  3 quokkas
  15 bats
  A frilled lizard (D:2)
  18 goblins
  A jackal skeleton (D:6)
  A leopard gecko skeleton (D:6)
  A quokka zombie (D:6)
  5 rats
228 creatures vanquished.

Vanquished Creatures (others)
  2 fungi (D:6)
2 creatures vanquished.

Grand Total: 230 creatures vanquished

Notes
Turn   | Place    | Note
-------+----------+-------------------------------------------
     0 | D:1      | Amnesiac the Ghoul Earth Elementalist began the quest for
                  | the Orb.
     0 | D:1      | Reached XP level 1. HP: 14/14 MP: 2/2
   237 | D:1      | Reached XP level 2. HP: 19/20 MP: 0/3
   396 | D:1      | Learned a level 2 spell: Passwall
   443 | D:1      | Reached skill level 4 in Earth Magic
   575 | D:1      | Reached XP level 3. HP: 15/26 MP: 1/5
  1149 | D:1      | Reached XP level 4. HP: 8/33 MP: 0/6
  1551 | D:4      | Found Ygymiemaott's General Store.
  1554 | D:4      | Bought a scroll of identify for 28 gold pieces
  1573 | D:5      | Entered Level 5 of the Dungeon
  1609 | D:4      | Reached skill level 5 in Earth Magic
  1761 | D:4      | Reached XP level 5. HP: 32/38 MP: 4/8
  2212 | D:4      | Reached skill level 6 in Earth Magic
  2212 | D:4      | Reached XP level 6. HP: 40/45 MP: 3/9
  2379 | D:4      | Identified the +2 helmet "Jizayn" {-Tele rN++ MR+ Stlth+}
  2379 | D:4      | Noticed Robin
  2431 | D:4      | Killed Robin
  2727 | D:5      | Noticed Blork the orc
  2735 | D:5      | Killed Blork the orc
  2811 | D:5      | Learned a level 5 spell: Lee's Rapid Deconstruction
  2816 | D:5      | Learned a level 4 spell: Petrify
  2894 | D:5      | Reached skill level 7 in Earth Magic
  2894 | D:5      | Reached XP level 7. HP: 42/50 MP: 9/11
  3018 | D:4      | Bought 3 scrolls of identify for 84 gold pieces
  3195 | D:5      | Noticed Sigmund
  3216 | D:5      | Killed Sigmund
  3510 | D:5      | Reached skill level 1 in Transmutations
  3510 | D:5      | Reached skill level 8 in Earth Magic
  3657 | D:6      | Reached XP level 8. HP: 44/57 MP: 2/13
  3770 | D:6      | Reached skill level 9 in Earth Magic
  3980 | D:6      | Reached skill level 5 in Spellcasting
  4515 | D:6      | Reached skill level 10 in Earth Magic
  4614 | D:6      | Noticed Prince Ribbit
  4640 | D:6      | Learned a level 3 spell: Stone Arrow
  4648 | D:6      | Killed Prince Ribbit
  4648 | D:6      | Reached XP level 9. HP: 49/60 MP: 12/16
  4911 | D:7      | Found a staircase to the Ecumenical Temple.
  4917 | Temple   | Entered the Ecumenical Temple
  4956 | Temple   | Became a worshipper of Vehumet
  5004 | D:7      | Reached skill level 11 in Earth Magic
  5275 | D:2      | Reached * piety under Vehumet
  5275 | D:2      | Offered knowledge of Freeze by Vehumet.
  6676 | D:7      | Reached skill level 12 in Earth Magic
  6815 | D:7      | Reached XP level 10. HP: 54/69 MP: 13/19
  7109 | D:7      | Offered knowledge of Shock by Vehumet.
  7147 | D:8      | Reached ** piety under Vehumet
  7545 | D:8      | Found an ornate altar of the Wu Jian Council.
  7606 | D:8      | Reached skill level 13 in Earth Magic
  8068 | D:9      | Found Unnet's Food Boutique.
  8087 | D:9      | Found a staircase to the Orcish Mines.
  8382 | D:9      | Found Birar's Weapon Boutique.
  8385 | D:9      | Offered knowledge of Dazzling Spray by Vehumet.
  8416 | D:9      | Found Noyhujee's Jewellery Shoppe.
  8466 | D:9      | Found Hoblowac's Jewellery Emporium.
  8466 | D:9      | Noticed a purple ugly thing
  8475 | D:9      | Killed a purple ugly thing
  8828 | D:9      | Found Voaga's Distillery.
  9045 | D:10     | Entered Level 10 of the Dungeon
  9122 | D:10     | Reached skill level 14 in Earth Magic
  9259 | D:10     | Found Myes Xah's Distillery.
  9513 | D:10     | Reached *** piety under Vehumet
  9513 | D:10     | Reached XP level 11. HP: 74/74 MP: 2/22
  9718 | D:10     | Found a staircase to the Lair.
  9847 | D:10     | Found a runed gate.
  9847 | D:10     | Found a runed gate.
  9847 | D:10     | Found a runed gate.
  9847 | D:10     | Noticed a cyan ugly thing
  9847 | D:10     | Noticed a purple ugly thing
  9848 | D:10     | Noticed a white ugly thing
  9848 | D:10     | Noticed a cyan ugly thing
  9850 | D:10     | Noticed a green ugly thing
  9858 | D:10     | Killed a cyan ugly thing
  9861 | D:10     | Killed a cyan ugly thing
  9861 | D:10     | Mangled by a cyan ugly thing

Vault maps used:
D:1:      psy_arrival_heroes
D:2:      first_ration
D:3:      kennysheep_boxes
D:4:      serial_shops, kennysheep_mini_moat, serial_corexii_hall,
          chequers_hall_statues_wall_a, chequers_hall_statues_wall_a, uniq_robin
D:5:      uniq_sigmund, uniq_blork_the_orc
D:6:      kennysheep_steamy, uniq_prince_ribbit1
D:7:      minmay_temple_entry_butterflies, grunt_livestock
D:8:      marbit_many_paths, minmay_misc_feat_tiny, minmay_misc_feat_square
D:9:      david_orc_3, serial_shops, shop, shop, shop, shop, shop,
          serial_park_tiny_pond
D:10:     erik_lair_orcish_takeover, serial_shops, shop,
          ploomutoo_gammafunk_ghost_potion_laboratory
Temple:   compressed_dpeg_triangle_lava_temple

Skill      XL: |  1  2  3  4  5  6  7  8  9 10 |
---------------+-------------------------------+-----
Spellcasting   | 2 3 4 5 6 8 |  8.5
Earth Magic    | 4 5 6 7 8 10 12 14 | 14.7
Transmutations | 1 |  1.0
Dodging        | |  1.7
Stealth        | |  2.1

Action                   |  1- 3 |  4- 6 |  7- 9 | 10-12 || total
-------------------------+-------+-------+-------+-------++-------
Melee: Spear             |    77 |       |       |       ||    77
       Unarmed           |     8 |       |       |       ||     8
       Dagger            |       |   137 |   245 |    95 ||   477
       Short sword       |       |     2 |       |       ||     2
 Cast: Sandblast         |    36 |    49 |    61 |    19 ||   165
       Passwall          |       |     1 |       |       ||     1
       Lee's Rapid Decon |       |       |     9 |    32 ||    41
       Stone Arrow       |       |       |       |    48 ||    48
Evoke: Wand              |       |       |       |     1 ||     1
  Use: Scroll            |     3 |     3 |    10 |     3 ||    19
       Potion            |       |       |     5 |       ||     5
 Stab: Sleeping          |     1 |     4 |     9 |     1 ||    15
  Eat: Chunk             |    17 |    13 |    20 |    21 ||    71
Armor: Robe              |    59 |    29 |    29 |       ||   117
       Steam dragon scal |       |       |    63 |    20 ||    83
Dodge: Dodged            |   108 |    78 |   156 |    48 ||   390

Table legend:
 A = Non-vault XP
 B = Vault XP
 C = Vault XP percentage of total XP
 D = Non-vault monster count
 E = Vault monster count
 F = Vault count percentage of total count
                 A         B        C        D         E       F
            +---------+---------+-------+---------+---------+-------
      Total |    7023 |    3989 |  36.2 |     194 |      34 |  14.9
            +---------+---------+-------+---------+---------+-------
        D:1 |      82 |       0 |   0.0 |      30 |       0 |   0.0
        D:2 |      99 |       0 |   0.0 |      26 |       0 |   0.0
        D:3 |      69 |       0 |   0.0 |      19 |       0 |   0.0
        D:4 |     323 |      37 |  10.3 |      12 |      13 |  52.0
        D:5 |     193 |     318 |  62.2 |       8 |       2 |  20.0
        D:6 |     854 |     666 |  43.8 |      20 |       3 |  13.0
        D:7 |    1166 |    1024 |  46.8 |      22 |       5 |  18.5
        D:8 |    1365 |     262 |  16.1 |      19 |       2 |   9.5
        D:9 |    1121 |     177 |  13.6 |      12 |       2 |  14.3
       D:10 |    1738 |    1505 |  46.4 |      25 |       7 |  21.9
     Temple |      13 |       0 |   0.0 |       1 |       0 |   0.0
            +---------+---------+-------+---------+---------+-------
